 Dungeon Crawl Stone Soup version 0.18-a0-1157-g59db91b (webtiles) character file.

4244 st0uf the Cleaver (level 10, -1/77 HPs)
             Began as a Formicid Fighter on Jan 23, 2016.
             Was an Elder of Okawaru.
             Slain by a yak (12 damage)
             ... on level 8 of the Dungeon.
             The game lasted 00:34:48 (7488 turns).

st0uf the Cleaver (Formicid Fighter)                Turns: 7488, Time: 00:34:48

Health: -1/77      AC:  9    Str: 27    XL:     10   Next: 55%
Magic:  8/10       EV: 16    Int:  8    God:    Okawaru [****..]
Gold:   218        SH: 14    Dex: 13    Spells: 0 memorised, 9 levels left

rFire  + . .     SeeInvis +     E - +1 battleaxe (freeze)
rCold  + . .     Gourm    .     I - +0 ring mail {rF+}
rNeg   . . .     Faith    .     c - +0 shield
rPois  +         Spirit   .     (helmet unavailable)
rElec  .         Dismiss  .     z - +0 cloak
rCorr  .         Reflect  .     (no gloves)
SustAt .         Harm     .     (no boots)
MR     +....     Clarity  +     (no amulet)
Stlth  ++........               r - +6 ring of strength
                                p - ring of protection from cold

@: heroism, somewhat resistant to hostile enchantments, unstealthy
A: permanent stasis, dig shafts and tunnels, four strong arms, antennae 3,
clarity, poison resistance
a: Dig, Shaft Self, Heroism, Renounce Religion


You were on level 8 of the Dungeon.
You worshipped Okawaru.
Okawaru was greatly pleased with you.
You were not hungry.

You visited 2 branches of the dungeon, and saw 10 of its levels.

You collected 468 gold pieces.
You spent 250 gold pieces at shops.

Inventory:

Hand Weapons
 a - a +0 war axe
 E - a +1 battleaxe of freezing (weapon)
Armour
 b - a +0 scale mail
 c - a +0 shield (worn)
 z - a +0 cloak (worn)
 I - a +0 ring mail of fire resistance (worn)
Jewellery
 p - a ring of protection from cold (left hand)
 r - a +6 ring of strength (right hand)
 F - an uncursed amulet of magic regeneration
 K - an uncursed ring of ice
Wands
 y - a wand of slowing (12/48)
Scrolls
 e - 2 scrolls of remove curse
 h - 2 scrolls of fear {unknown}
 i - 5 scrolls of identify
 k - 2 scrolls of recharging {unknown}
 m - 3 scrolls of teleportation {unknown}
 n - 2 scrolls of amnesia {unknown}
 o - 2 scrolls of immolation {unknown}
 q - 2 scrolls of blinking {unknown}
 t - a scroll of noise {unknown}
 u - a scroll of enchant armour {unknown}
 A - 2 scrolls of random uselessness
 B - a scroll of enchant weapon {unknown}
 C - 2 scrolls of silence {unknown}
 L - a scroll of magic mapping {unknown}
 N - a scroll of vulnerability {unknown}
Potions
 d - a potion of might
 g - a potion of curing {unknown}
 l - a potion of flight {unknown}
 w - a potion of agility {unknown}
 x - a potion of ambrosia {unknown}
 D - a potion of lignification {unknown}
 H - a potion of cure mutation {unknown}
 J - 2 potions of brilliance {unknown}
Books
 v - a book of Unlife

   Spells                             Type                      Level
   a - Recall                         Summoning/Translocation      3
   b - Animate Dead                   Necromancy                   4
   c - Control Undead                 Necromancy                   4
   d - Cigotuvi's Embrace             Necromancy                   5
   e - Death Channel                  Necromancy                   6
   f - Simulacrum                     Ice/Necromancy               6
 G - a Necronomicon

   Spells                             Type                      Level
   a - Haunt                          Necromancy/Summoning         7
   b - Borgnjor's Revivification      Necromancy                   8
   c - Death's Door                   Charms/Necromancy            8
   d - Necromutation                  Transmutation/Necromancy     8
Comestibles
 f - 3 bread rations
 j - 4 slices of pizza
 s - 3 meat rations
 M - 6 chunks of flesh


   Skills:
 + Level 6.5(11.5) Fighting
 * Level 9.7(14.7) Axes
 + Level 6.9(11.9) Armour
 + Level 5.0(10.0) Dodging
 + Level 7.9(12.9) Shields
 + Level 1.0 Invocations


You had 9 spell levels left.
You didn't know any spells.

Dungeon Overview and Level Annotations

Branches:
Dungeon (9/15)             Temple (1/1) D:6
   Lair: D:8-11         Orc: D:9-12

Altars:
Ashenzari
Cheibriados
Dithmenos
Elyvilon
Fedhas
Gozag
Kikubaaqudgha
Makhleb
Nemelex Xobeh
Okawaru
Pakellas
Qazlal
Ru
Sif Muna
Trog
Vehumet
Xom
Yredelemnul
Zin
The Shining One

Shops:
D:4 *   D:6 }


Innate Abilities, Weirdness & Mutations

You are under a permanent stasis effect.
You can dig through walls and to a lower floor.
Your four strong arms can wield two-handed weapons with a shield.
You have a pair of large antennae on your head (SInv).
You possess an exceptional clarity of mind.
Your system is resistant to poisons.


Message History

The polar bear is severely wounded.
The polar bear bites you!
* * * LOW HITPOINT WARNING * * *
You block the polar bear's attack. x2
You closely miss the polar bear.
The polar bear is severely wounded.
You block the polar bear's attack.
The polar bear claws you but does no damage.
The polar bear completely misses you.
You slice the polar bear!! You freeze the polar bear.
You kill the polar bear!
Okawaru accepts your kill.
Your base Dodging skill increases to level 5!
You slash the yak! You freeze the yak.
The yak is moderately wounded.
You block the yak's attack.
You slash the yak! You freeze the yak.
The yak is almost dead.
The yak gores you!
You die...

........♣##....# #.#
#...###
.........♣#..#+####.#
#.#..<#
.........♣##........#
#.###.#
..♣♣♣♣♣♣..♣#........#
#.###..
⌠♣##♣♣♣#♣..#........#
#.....#
♣##♣⌠.⌠♣#♣..........#
####.##
♣♣♣.._..♣#..........#
#...
........♣#...###(##.#
###'
........♣#..####@.#.#
#...
........♣#{....##Y#.#
#...
.......♣♣#...#.##...#
#...
....♣♣♣###.#.#.###(.#
#<.. ♣♣♣♣####...#.#.#
#.># #...
#####....###.#.####[#
#... .......#.#
#.#....#.# #...
#.#....#.###....#.#.#
#...
.............#....#.#
#...


You could see a yak.

Vanquished Creatures
  2 polar bears (D:8)
  A wyvern (D:8)
  A steam dragon (D:8)
  2 hippogriffs
  A wolf (D:8)
  A hungry ghost (D:8)
  2 orc warriors (D:7)
  2 phantoms
  An ice beast (D:7)
  3 sky beasts
  The ghost of st0uf the Shield-Bearer, an amateur FoFi (D:3)
  An ogre (D:7)
  3 centaurs
  2 giant frogs
  2 wyvern skeletons
  5 wights (D:6)
  4 killer bees
  5 crimson imps
  A quasit (D:9)
  7 orc priests
  Crazy Yiuf (D:3)
  A centaur skeleton (D:8)
  2 hounds
  3 iguanas
  2 giant frog skeletons
  8 orc wizards
  3 worker ants
  A hound skeleton (D:6)
  A hound zombie (D:6)
  11 adders
  4 shadow imps
  2 white imps (D:9)
  2 ufetubi (D:8)
  An ooze (D:1)
  3 adder skeletons
  3 worms
  4 giant geckos
  28 orcs
  4 bats
  5 giant cockroaches
  13 hobgoblins
  17 jackals
  4 quokkas
  5 giant newts
  5 goblins
  A jackal skeleton (D:8)
  4 kobolds
  2 quokka skeletons (D:6)
  A quokka zombie (D:9)
  4 rats
192 creatures vanquished.

Notes
Turn   | Place    | Note
--------------------------------------------------------------
     0 | D:1      | st0uf the Formicid Fighter began the quest for the Orb.
     0 | D:1      | Reached XP level 1. HP: 18/18 MP: 1/1
   169 | D:1      | Reached XP level 2. HP: 24/24 MP: 2/2
   536 | D:1      | Reached XP level 3. HP: 29/29 MP: 3/3
  1093 | D:2      | Reached skill level 4 in Shields
  1100 | D:2      | Reached XP level 4. HP: 33/35 MP: 4/4
  1469 | D:2      | Found a burning altar of Makhleb.
  1475 | D:2      | Found a sparkling altar of Nemelex Xobeh.
  1475 | D:2      | Found a snail-covered altar of Cheibriados.
  1476 | D:2      | Found an iron altar of Okawaru.
  1477 | D:2      | Found a blossoming altar of Fedhas.
  1479 | D:2      | Found an ancient bone altar of Kikubaaqudgha.
  1480 | D:2      | Found a glowing silver altar of Zin.
  1485 | D:2      | Became a worshipper of Warmaster Okawaru
  1656 | D:3      | Noticed st0uf's ghost (amateur FoFi)
  1668 | D:3      | Killed st0uf's ghost
  1668 | D:3      | Reached skill level 1 in Dodging
  1668 | D:3      | Reached XP level 5. HP: 39/42 MP: 5/5
  1872 | D:3      | Reached * piety under Okawaru
  1987 | D:3      | Noticed Crazy Yiuf
  1997 | D:3      | Killed Crazy Yiuf
  1997 | D:3      | Reached XP level 6. HP: 48/48 MP: 6/6
  2711 | D:4      | Found a radiant altar of Vehumet.
  2817 | D:4      | Reached XP level 7. HP: 48/54 MP: 7/7
  2822 | D:4      | Found a stormy altar of Qazlal.
  2932 | D:4      | Reached skill level 5 in Shields
  3120 | D:4      | Found Qoilayn's Assorted Antiques.
  3559 | D:5      | Entered Level 5 of the Dungeon
  3559 | D:5      | Found a sacrificial altar of Ru.
  4274 | D:4      | Bought an ichor-stained ring mail for 207 gold pieces
  4274 | D:4      | Bought a glowing sapphire potion for 20 gold pieces
  4274 | D:4      | Bought a scroll labeled QOORGH TUOHEPT for 23 gold pieces
  4284 | D:4      | Identified the cursed +0 ring mail of Dim Light {*Drain rC++ SInv Stlth+} (You bought it in a shop on level 4 of the Dungeon)
  4288 | D:4      | You fall through a shaft!
  4295 | D:6      | Found a shadowy altar of Dithmenos.
  4302 | D:6      | Reached skill level 5 in Armour
  4463 | D:6      | Found Qoliqui's Gadget Shoppe.
  4540 | D:6      | Reached skill level 5 in Axes
  4574 | D:6      | Reached XP level 8. HP: 58/61 MP: 8/8
  4644 | D:6      | Found a staircase to the Ecumenical Temple.
  4653 | Temple   | Entered the Ecumenical Temple
  4925 | D:6      | Reached ** piety under Okawaru
  5352 | D:6      | Reached skill level 5 in Fighting
  5352 | D:6      | Reached skill level 6 in Axes
  5553 | D:7      | Reached XP level 9. HP: 64/68 MP: 9/9
  5615 | D:7      | Reached skill level 7 in Axes
  5619 | D:7      | Reached *** piety under Okawaru
  6152 | D:8      | Reached skill level 8 in Axes
  6479 | D:8      | Reached skill level 1 in Invocations
  6529 | D:8      | Gained mutation: Your system is resistant to poisons. [mutagenic meat]
  6530 | D:8      | Gained mutation: You possess an exceptional clarity of mind. [mutagenic meat]
  6622 | D:8      | Reached XP level 10. HP: 75/77 MP: 10/10
  6698 | D:8      | Found a white marble altar of Elyvilon.
  6798 | D:8      | Found a basalt altar of Yredelemnul.
  6929 | D:9      | Reached **** piety under Okawaru
  6929 | D:9      | Reached skill level 9 in Axes
  7411 | D:8      | Received a gift from Okawaru
  7486 | D:8      | Reached skill level 5 in Dodging
  7488 | D:8      | Slain by a yak

Vault maps used:
D:1:      kilobyte_arrival_exit_the_forest
D:2:      minitemple
D:3:      uniq_crazy_yiuf_cottage
D:4:      nicolae_overflow_crystal_walls, lemuel_doored_altar, serial_shops,
          shop_statue, sigmund_army
D:5:      nicolae_overflow_hidden_temple, first_bread,
          hangedman_abyss_or_decor_lesser_grid, grunt_decor_resistance
D:6:      overflow_temple_1_default, minmay_temple_entry_statues_pillars,
          serial_shops, nicolae_shop_stone, minmay_door_square, minivault_11
D:8:      kennysheep_ying_yang
D:9:      minmay_lair_entry_lava, serial_ice, serial_ice_j, serial_ice_c,
          serial_ice_d, serial_ice_m, serial_ice_f, serial_ice_o, serial_ice_g,
          serial_ice_a, serial_ice_b, serial_ice_h
Temple:   temple_island_7

Action                   |  1- 3 |  4- 6 |  7- 9 | 10-12 || total
-------------------------+-------+-------+-------+-------++-------
Melee: War axe           |    92 |   153 |   164 |       ||   409
       Battleaxe         |       |       |   179 |    73 ||   252
Invok: Heroism           |       |     1 |     4 |     1 ||     6
 Abil: Dig               |       |     2 |     5 |       ||     7
  Use: Scroll            |       |       |     3 |       ||     3
 Stab: Sleeping          |       |       |     2 |       ||     2
  Eat: Chunk             |     1 |     6 |    17 |     4 ||    28
